Semilg, neutral female human Valkyrie ---- --..| |..*| ---..-- |....| |.--.| --.||[| |..||.| |.<||.| ---- --. ----|.| --- --- --..| ---... |.| |.----... --...-------...... |.|--|..|...... ........[).).[@..[ |.|.--..(..)....----....------..-- |..[[..|..)%....---.....)-----).- ---.---|.....%...........%... .. --- ---....%...-----...... |.....|.-- ..... ..---- ... . Semilg the Fighter Experience level: 6 Strength: 18/04 Dexterity: 11 Constitution: 17 Intelligence: 8 Wisdom: 8 Charisma: 13 Health: 0(46) Energy: 18(18) Def: 7 Gold: 862 Moves: 2067 Dungeon seed: BPM2KqU6IV9AdbMp Game ID: Semilg_1553422869 Your Inventory: Coins $ - 862 gold pieces Amulets Q - a cursed amulet of restful sleep R - a cursed amulet of restful sleep Weapons a - an uncursed rusty +4 spear (weapon in hand) b - an uncursed +0 dagger Armor e - a blessed +2 small shield n - an uncursed +0 leather armor (being worn) y - an uncursed +0 pair of jumping boots (being worn) z - an uncursed +0 dwarvish iron helm (being worn) N - an uncursed +0 dwarvish roundshield (being worn) Comestibles d - 2 uncursed food rations w - 3 uncursed food rations Scrolls k - an uncursed scroll of teleportation m - a blessed scroll of destroy armor v - an uncursed scroll of water B - an uncursed scroll of remove curse C - a blessed scroll of teleportation E - an uncursed scroll of create monster L - a cursed scroll of light Spellbooks h - an uncursed spellbook of dig p - an uncursed spellbook of confuse monster Potions g - a cursed potion of oil Wands c - an uncursed wand of cold (0:4) q - an uncursed wand of light (0:12) t - an uncursed wand of enlightenment (0:12) D - an uncursed wand of cold (0:4) J - a cursed wand of enlightenment (0:15) K - a cursed wand of cancellation (0:7) O - a cursed wand of opening (0:3) X - an uncursed wand of cancellation (0:1) Tools f - an uncursed oil lamp (lit) (0:1062) A - 7 uncursed tallow candles (0:200) F - an uncursed wax candle (0:400) G - an uncursed skeleton key H - an uncursed tin whistle S - a cursed sack T - a cursed lock pick U - a cursed towel Spells and supernatural/magical abilities: Name Level Category Fail Memory W - pray for help -- divine ? -- Y - supernatural jump -- ability ? -- Your skills at the end: Miscellaneous Skills shield [Basic] wands [Basic] Weapon Skills dagger [Basic] spear [Basic] Spellcasting Skills Final Attributes: You were devoutly aligned. You were cold resistant. You were somewhat stealthy. You could jump. You could fly. You are dead. Vanquished creatures: a large mimic a small mimic a Mordor orc 2 Uruk-hai 4 gnome lords a gnomish wizard a straw golem 2 kittens 4 dwarves 2 homunculi an iguana 4 jitterbugs a wererat a hobbit an acid blob 2 geckos a hobgoblin a giant rat 2 cave spiders a brown mold 2 green molds 15 gnomes a gnome zombie 4 jackals 4 newts a goblin 6 grid bugs 4 lichens a kobold zombie 72 creatures vanquished. Voluntary challenges: You followed a strict vegan diet. You did not adorn yourself with jewelry or accessories. You did not cause conflict. You were not invisible. You did not have reflection. You were not displaced. You were an atheist. You used a wielded weapon 73 times, starting on turn 58. You did not apply a unicorn horn. You did not use plumbed fixtures. You read items or engraved 6 times, starting on turn 1328. You never genocided any monsters. You never polymorphed an object. You never changed form. You used no wishes. You never split a pudding. You never wrote Elbereth's name. You never violated your personal moral code. Dungeon overview: The Dungeons of Doom: levels 1 to 5 Level 1 an altar to Odin, a fountain, a sink a long staircase Level 2 an altar to Loki Level 3 a fountain Level 4 a general store, many fountains stairs to The Gnomish Mines Level 5 The Gnomish Mines: levels 5 to 6 Level 5 stairs to The Dungeons of Doom Level 6 <- You were here History has recorded: On T:1 you entered the Dungeons of Doom to retrieve the Amulet of Yendor! On T:175 you reached level 2 of The Dungeons of Doom. On T:635 you reached level 3 of The Dungeons of Doom. On T:794 you advanced to experience level 2. On T:809 you reached level 4 of The Dungeons of Doom. On T:1062 you reached level 1 of The Gnomish Mines. On T:1165 you reached level 5 of The Dungeons of Doom. On T:1273 you advanced to experience level 3. On T:1325 you advanced to experience level 4. On T:1624 you advanced to experience level 5. On T:1866 you reached level 2 of The Gnomish Mines. On T:2007 you advanced to experience level 6. Score breakdown: Gold: 862 ( 86 points) Experience: 6 levels ( 500 points) Exploration: 6 levels ( 150 points) Discoveries: 24 items ( 1200 points) Variety of kills: 29 monsters ( 1450 points) Major goal: (nothing yet) ( 0 points) Survival: died (score multiplied by 3) Total score: 10158 Latest messages: There are a few objects here. You hear a horn being played. The bolt of cold hits you! You don't feel cold. Your potion of gain energy freezes and shatters! One of your clear potions freezes and shatters! There are a few objects here. You hear a horn being played. The Uruk-hai is killed by the bolt of cold! The bolt of cold hits you! You don't feel cold. One of your clear potions freezes and shatters! Valkyrie, your life force is running out. You hear a horn being played. The bolt of cold hits you! You don't feel cold. Your dark potion freezes and shatters! Your black potion freezes and shatters! Your clear potion freezes and shatters! You die... The sack is empty. The sack is empty. Final status: Farvel Semilg the Valkyrie, killed by a shattered potion... You died in The Gnomish Mines on dungeon level 6 with 10158 points, and 862 pieces of gold, after 2067 moves. You were level 6 with a maximum of 46 hit points when you died.